Map: Frozen Temple

Players

Busker - Winner!

  • Race: Zerg Zerg
  • League: Grandmaster

Miszu

  • Race: Terran Terran
  • League: Master

VOD

Have the link to the VOD?

Description

Time

  • Played on: April 30, 2016, 4:37 p.m.
  • Length: 4:20
Show
View Real Time Build Order
Export as new Build Order

Busker Zerg - Winner!

Build Orders: Pool First 

Get SALT Encoding   

  12  0:01  Drone  
  13  0:08  Drone  
  14  0:15  Extractor  
  14  0:16  Drone  
  14  0:32  Spawning Pool  
  14  0:35  Drone  
  14  0:45  Overlord  
  14  0:52  Extractor, Drone  
  15  1:04  Drone x2  
  17  1:20  Metabolic Boost  
  17  1:21  Queen  
  19  1:27  Zergling x2  
  19  1:28  Zergling x2  
  21  1:51  Hatchery  
  20  1:56  Overlord  
  20  2:00  Zergling x2  
  21  2:02  Zergling x2  
  21  2:08  Evolution Chamber  
  21  2:12  Zergling x2  
  22  2:20  Zergling x2  
  23  2:35  Zergling x6  
  25  2:37  Queen  
  25  2:43  Zergling x2  
  27  2:57  Zergling x2  
  28  3:02  Zergling x2  
  28  3:05  Zergling x2  
  30  3:12  Zergling x2  
  30  3:13  Zergling x4  
  32  3:20  Drone x2  
  34  3:28  Zergling x2  
  35  3:57  Drone x2  
  35  4:01  Drone  
  34  4:04  Drone x3  
  34  4:08  Drone x2  
Show
View Real Time Build Order
Export as new Build Order

Miszu Terran 

Build Orders: Reaper Expand 

Get SALT Encoding   

  12  0:01  SCV  
  13  0:13  SCV  
  14  0:18  Supply Depot  
  14  0:25  SCV  
  15  0:39  SCV  
  15  0:41  Barracks  
  16  0:44  Refinery  
  16  0:52  SCV  
  17  1:04  SCV  
  18  1:16  SCV  
  19  1:28  Orbital Command  
  19  1:29  Reaper  
  20  1:43  Command Center  
  20  1:53  SCV  
  21  2:01  Marine  
  22  2:07  Supply Depot  
  22  2:09  Factory  
  22  2:11  SCV  
  23  2:19  Refinery  
  23  2:24  Barracks Reactor  
  23  2:28  SCV  
  24  2:40  SCV  
  24  2:52  SCV  
  24  2:57  Starport  
  24  3:05  SCV  
  25  3:09  Factory Tech Lab  
  25  3:14  Marine  
  25  3:15  Marine  
  25  3:17  SCV  
  27  3:28  Widow Mine  
  27  3:29  SCV, Orbital Command  
  27  3:32  Marine  
  27  3:33  Marine  
  32  3:37  Medivac  
  32  3:41  SCV  
  35  3:42  Supply Depot  
  35  3:50  Marine x2  
  35  3:53  SCV  
  25  4:05  SCV  
  25  4:07  SCV  
Tags
 
Add a new tag
Caveats
  • Supply blocks, unpowered buildings, or Contaminate may cause inaccurate times.
  • Supply counts are checked every 10 seconds.